 Dungeon Crawl Stone Soup version 0.28-a0-802-g09f76e8c00 (webtiles) character file.

Game seed: 5640392872822102303

19 croobank the Stinger (level 2, 0/17 HPs)
             Began as an Octopode Venom Mage on Nov 6, 2021.
             Constricted to death by a ball python (1 damage)
             ... on level 1 of the Dungeon.
             The game lasted 00:03:26 (581 turns).

croobank the Stinger (Octopode Venom Mage)           Turns: 581, Time: 00:03:27

Health: 0/17       AC:  1    Str:  7    XL:     2   Next: 75%
Magic:  1/5        EV: 10    Int: 17    God:
Gold:   16         SH:  0    Dex: 12    Spells: 2/5 levels left

rFire   . . .      SeeInvis .   b - +0 whip
rCold   . . .      Faith    .   (no shield)
rNeg    . . .      Spirit   .   (helmet restricted)
rPois   .          Reflect  .   (no amulet)
rElec   .          Harm     .   (no ring)
rCorr   .          Rampage  .   (no ring)
Will    .....                   (no ring)
Stlth   +++.......              (no ring)
HPRegen 0.05/turn               (no ring)
MPRegen 0.09/turn               (no ring)
                                (no ring)
                                (no ring)

@: constricted
A: almost no armour, amphibious, 8 rings, camouflage 1, gelatinous body 1,
(nimble swimmer 1), tentacles
a: no special abilities


You were on level 1 of the Dungeon.
You visited 1 branch of the dungeon, and saw 1 of its levels.

You collected 16 gold pieces.

Inventory:

Hand Weapons
 b - a +0 whip (weapon)
Missiles
 c - 3 stones


   Skills:
 + Level 2.2 Dodging
 + Level 2.8 Stealth
 + Level 2.2 Spellcasting
 + Level 1.0 Transmutations
 + Level 4.2 Poison Magic


You had 2 spell levels left.
You knew the following spells:

 Your Spells              Type           Power      Damage    Failure   Level
a - Sting                 Tmut/Pois      40%        1d5       6%          1
b - Poisonous Vapours     Pois/Air       18%        N/A       12%         2

Your spell library contained the following spells:

 Spells                   Type           Power      Damage    Failure   Level
 Mephitic Cloud           Conj/Pois/Air  6%         N/A       32%         3
 Olgreb's Toxic Radiance  Pois           16%        N/A       32%         4


Dungeon Overview and Level Annotations

Branches:
Dungeon (1/15)

Altars:


Innate Abilities, Weirdness & Mutations

You cannot wear most types of armour.
You are amphibious.
You can wear up to eight rings at the same time.
Your skin changes colour to match your surroundings (Stealth+).
Your rubbery body absorbs attacks. (AC +1, EV +1)
((You are camouflaged near water. (Stealth+)))
You have tentacles for arms and can constrict up to eight enemies at once.


Message History

The sting hits the kobold.
The kobold is poisoned.
The kobold is moderately wounded.
Aiming: Sting (safe; 6% risk of failure)
Press: ? - help, Q - select action, (/) - cycle Shift-Dir - straight line, f/p - kobold
Aim: a kobold, wielding a +2 short sword of speed (severely wounded, poisoned, 64% to hit)
The sting hits the kobold.
The kobold looks even sicker.
You kill the kobold!
You barely miss the kobold. You grab the kobold.
You constrict the kobold, but do no damage.
The kobold hits you with a +1 dagger of holy wrath.
* * * LOW HITPOINT WARNING * * *
You hit the kobold.
The kobold is heavily wounded.
You constrict the kobold. The kobold barely misses you.
You hit the kobold.
You kill the kobold!
The ball python bites you.
* * * LOW HITPOINT WARNING * * *
The ball python misses you.
Aiming: Sting (safe; 6% risk of failure)
Press: ? - help, Q - select action, (/) - cycle Shift-Dir - straight line, f - ball python
Aim: a ball python (68% to hit)
The sting hits the ball python.
The ball python is poisoned.
The ball python is moderately wounded.
The ball python closely misses you. The ball python grabs you.
The ball python constricts you.
* * * LOW HITPOINT WARNING * * *
Aiming: Sting (safe; 6% risk of failure)
Press: ? - help, Q - select action, (/) - cycle Shift-Dir - straight line, f/p - ball python
Aim: a ball python (moderately wounded, constricting you, poisoned, 68% to hit)
The sting misses the ball python.
The sting hits the hobgoblin.
The hobgoblin is poisoned.
The hobgoblin is lightly wounded.
The ball python barely misses you. The ball python constricts you.
* * * LOW HITPOINT WARNING * * *
You barely miss the ball python. Your grab misses the ball python.
Your squeeze misses the ball python.
The ball python is moderately wounded.
The ball python closely misses you. The ball python constricts you.
You die...

.......##..g.......
##
.>..........K......
..
..##...##..........
###
..##...##..........
#..
..##.####..........
#..
............g#####
#..
............SK†.g#
#.#
..###........###S#
# #.# ..
#........###@#
#.#.. #
###†.........#
#.### #..........#
###....
#..).......#
........
#..........#
.........
#..........#
..........
#..........#
..........
#..........#
..........
#.........#
..........


You could see a hobgoblin (poisoned) and a ball python (poisoned).

Vanquished Creatures
  A dart slug (D:1)
  3 endoplasms (D:1)
  2 jackals (D:1)
  4 kobolds (D:1)
  3 ball pythons (D:1)
  A bat (D:1)
  A frilled lizard (D:1)
  2 rats (D:1)
17 creatures vanquished.

Notes
Turn   | Place    | Note
-------+----------+-------------------------------------------
     0 | D:1      | croobank the Octopode Venom Mage began the quest for the
                  | Orb.
     0 | D:1      | Reached XP level 1. HP: 11/11 MP: 3/3
   187 | D:1      | Reached XP level 2. HP: 13/17 MP: 1/5
   385 | D:1      | Reached skill level 4 in Poison Magic
   409 | D:1      | Learned a level 2 spell: Poisonous Vapours
   581 | D:1      | Constricted to death by a ball python

Illustrated notes

Levels and vault maps discovered:
D:1:      dpeg_arrival_shelter, layout_basic

Skill      XL: |  1  2 |
---------------+-------+-----
Poison Magic   | 4 |  4.2
Dodging        | |  2.2
Stealth        | |  2.8
Spellcasting   | |  2.2
Transmutations | |  1.0

Action                   || total
-------------------------++-------
Melee: Whip              ||    24
       Constrict         ||     5
       Tentacles         ||     2
 Cast: Sting             ||    20
  Use: Scroll            ||     2
Armor: Skin              ||     1
Dodge: Dodged            ||    23

Table legend: (Time is in decaauts)
 A = Elapsed time spent in this place.
 B = Non-inter-level travel time spent in this place.
 C = Inter-level travel time spent in this place.
 D = Time resting spent in this place.
 E = Time spent auto-exploring this place.
 F = Levels seen in this place.
 G = Mean time per level.
                   A        B        C        D        E       F      G
               +--------+--------+--------+--------+--------+-----+--------+
         Total |    582 |    582 |      0 |    149 |    301 |   1 |  582.0 |
       Dungeon |    582 |    582 |      0 |    149 |    301 |   1 |  582.0 |
               +--------+--------+--------+--------+--------+-----+--------+

Top non-repeatable levels by time:
     D:1: 582 daAuts
